Workbook
Name ai_agency_name: 'Agency Info'!$D$13
Name fes_agency_name: 'Final Expenditure Summary'!$F$8
Name subtotal: '20 - Equipment'!$D$2

Sheet Instructions
A1: INSTRUCTIONS
A3: ● | B3: This long form final expenditure report tool contains 12 worksheets – 1 for agency information, 1 for each of the 10 expense categories, and 1 for the final expenditure summary. To go to the other worksheets, click on the tabs below.
A6: ● | B6: Complete all of the green-shaded fields on the Local Agency Information and Final Expenditure Summary pages. It is very important that the agency name and address, agency code and project number be accurate. For special legislative projects and grant contracts, also enter the contract number.
A8: ● | B8: To enter expenditure information for a particular category, select that tab and enter the required data. Dollar amounts in the Salary Paid/Amount Expended columns of the worksheets will be automatically subtotaled on the worksheets, and the subtotals will be carried over to the Final Expenditure Summary worksheet. Dollar amounts will be rounded automatically to the closest whole number. The subtotals and the Final Expenditure Summary will automatically be recalculated if the dollar amounts are changed or new information is added.
A12: ● | B12: Large amounts of text in the description boxes may not be completely visible. To accommodate extra text, expand the row height by dragging the line below the row number until the row is at the appropriate height.
A13: ● | B13: On the indirect cost category worksheet, the Maximum Direct Cost Base listed below the chart is the total of codes 15, 16, 40, 45, 46 and 80. To compute the amount in row A. - Modified Direct Cost Base, subtract the portion of each subcontract exceeding $25,000 and any flow through funds from the Maximum Direct Cost Base. Enter the agency’s indirect cost rate as a whole number plus one decimal (2.1%, for example).
A14: ● | B14: To save the completed report, select File / Save As, rename the file, select the appropriate location on your computer, and click OK.
A16: ● | B16: To preview a completed report, select File / Print and then click the Preview button.
A18: ● | B18: To print a completed report, select File / Print and then click OK. Only completed pages will print.
A20: ● | B20: When assembling the report, please make sure that the Final Expenditure Summary worksheet faces out.
A22: ● | B22: For additional information about preparing final expenditure reports, please refer to Fiscal Guidelines for Federal and State Grants at http://www.oms.nysed.gov/cafe/guidance/.

Sheet Agency Info
A1: The University of the State of New York | G1: FINAL EXPENDITURE REPORT FOR A
A2: THE STATE EDUCATION DEPARTMENT | G2: FEDERAL OR STATE PROJECT
A3: Grants Finance, Rm. 510W EB | G3: FS-10-F Long Form (03/15)
A4: Albany, New York 12234
H5: = Required Field
A8: Local Agency Information
A10: Funding Source: | D10: ESSER Fund
A11: Report Prepared By: | D11: Tim Castanza
A13: Agency Name: | D13: Bridge Preparatory Charter School
A15: Mailing Address:
D16: 715 Ocean Terrace, Building E
D17: Street
D18: Staten Island | F18: NY | H18: 10301
D20: City | F20: State | H20: Zip Code
A22: Telephone # of Report Preparer: | C22: 917.804.7847 | F22: County: | G22: Richmond
A25: E-mail Address: | C25: jmoreau@weboosted.com
A28: INSTRUCTIONS
A30: ● | B30: For State grants, final expenditure reports are generally due within 30 days after the grant’s end date. Reports for federal projects are generally due within 90 days after the grant’s end date. See the Grant Award Notice to verify the due date. However, the Department program office may impose an earlier due date.
A32: ● | B32: Agencies should use only the FS-10-F Long Form to report actual project expenditures.
A33: ● | B33: Agencies must maintain complete and accurate records and may be requested to provide additional detail to support reported expenditures.
A34: ● | B34: All encumbrances must have taken place within the grant’s approved funding dates, which can be found on the FS-10 or FS-20 budget form and on the Grant Award Notice.
A35: ● | B35: The Chief Administrator’s Certification on the Final Summary page must be signed by the agency’s Chief Administrative Officer or properly authorized designee.
A37: ● | B37: Submit one report with original signature and one copy directly to Grants Finance, New York State Education Department, Room 510W EB, Albany, NY 12234.
A39: ● | B39: For special legislative projects, submit one report with original signature and two copies, along with a final program narrative report.
A40: ● | B40: For additional information, please refer to Fiscal Guidelines for Federal and State Grants at http://www.oms.nysed.gov/cafe/guidance/.

Sheet 15 - Prof Staff Salaries
A1: SALARIES FOR PROFESSIONAL STAFF
A2: Subtotal - Code 15 | D2: =IF(SUM(D4:D973)>0,SUM(D4:D973),"") -> 113192
A3: Name | B3: Position Title | C3: Beginning and End Dates of Work | D3: Salary Paid
A4: Contardo | B4: Academic Intervention and Support Teacher | C4: 7/1/21 - 6/30/22 | D4: =36343+5926+5926+5926+5926+(6789)+(1924) -> 68760 | E4: 77050
A8: Contardo | B8: Academic Intervention and Support Teacher | C8: 7/1/22 - 6/30/23 | D8: =(6380) -> 6380
A9: Contardo | B9: Academic Intervention and Support Teacher | C9: 7/1/22 - 6/30/23 | D9: 6364
A10: Contardo | B10: Academic Intervention and Support Teacher | C10: 7/1/22 - 6/30/23 | D10: 7389
A11: Contardo | B11: Academic Intervention and Support Teacher | C11: 7/1/22 - 6/30/23 | D11: 10721
A12: Contardo | B12: Academic Intervention and Support Teacher | C12: 7/1/22 - 6/30/23 | D12: 6289
A13: Contardo | B13: Academic Intervention and Support Teacher | C13: 7/1/22 - 6/30/23 | D13: 7289

Sheet 16 - Support Staff Salaries
A1: SALARIES FOR SUPPORT STAFF
A2: Subtotal - Code 16 | D2: =IF(SUM(D4:D988)>0,SUM(D4:D988),"")
A3: Name | B3: Position Title | C3: Beginning and End Dates of Work | D3: Salary Paid
B4: After-School Teachers | C4: 7/1/21 - 6/30/22 | E4: 36142

Sheet 40 - Purchased Services
A1: PURCHASED SERVICES
A2: Subtotal - Code 40 | D2: =IF(SUM(D4:D1001)>0,SUM(D4:D1001),"")
A3: Encumbrance Date | B3: Provider of Service | C3: Check or Journal Entry # | D3: Amount Expended

Sheet 45 - Supplies and Materials
A1: SUPPLIES AND MATERIALS
A2: Subtotal - Code 45 | D2: =IF(SUM(D4:D996)>0,SUM(D4:D996),"")
A3: Purchase Order Date | B3: Vendor | C3: Check or Journal Entry # | D3: Amount Expended

Sheet 46 - Travel Expenses
A1: TRAVEL EXPENSES
A2: Subtotal - Code 46 | E2: =IF(SUM(E4:E999)>0,SUM(E4:E999),"")
A3: Dates of Travel | B3: Name of Traveler | C3: Destination and Purpose | D3: Check or Journal Entry # | E3: Amount Expended

Sheet 80 - Employee Benefits
A1: Employee Benefits
A2: Subtotal - Code 80 | D2: =IF(SUM(D4:D985)>0,SUM(D4:D985),"")
A3: Benefit | B3: Salaries (from codes 15 and 16) | C3: Rate | D3: Amount Expended
A4: Teacher Retirement
A5: Employee Retirement
A6: Other Retirement
A7: Social Security
A8: Worker's Compensation
A9: Unemployment Insurance
A10: Health Insurance
A11: Other(Identify)

Sheet 90 - Indirect Cost
A1: INDIRECT COST
A2: A. | B2: Modified Direct Cost Base -- Sum of all preceding subtotals (codes 15, 16, 40, 45, 46, and 80, excluding the portion of each subcontract exceeding $25,000 and any flow through funds)
A3: B. | B3: Approved Restricted Indirect Cost Rate(%) (enter X.X)
A4: C. | B4: Subtotal - Code 90 | D4: =IF(LEN(D2)>0,D2*D3,"")
A5: For your information, maximum direct cost base = | D5: =IF(SUM('15 - Prof Staff Salaries'!D2,'16 - Support Staff Salaries'!D2,'40 - Purchased Services'!D2,'45 - Supplies and Materials'!D2,'46 - Travel Expenses'!E2,'80 - Employee Benefits'!D2)>0,SUM('15 - Prof Staff Salaries'!D2,'16 - Support Staff Salaries'!D2,'40 - Purchased Services'!D2,'45 - Supplies and Materials'!D2,'46 - Travel Expenses'!E2,'80 - Employee Benefits'!D2),"") -> 113192
A6: To calculate Modified Direct Cost Base, reduce maximum direct cost base by the portion of each subcontract exceeding $25,000 and any flow through funds.

Sheet 49 - BOCES Purchased Services
A1: PURCHASED SERVICES WITH BOCES
A2: Subtotal - Code 49 | D2: =IF(SUM(D4:D1000)>0,SUM(D4:D1000),"")
A3: Encumbrance Date | B3: Name of BOCES | C3: Check or Journal Entry # | D3: Amount Expended

Sheet 30 - Minor Remodeling
A1: MINOR REMODELING
A2: Subtotal - Code 30 | D2: =IF(SUM(D4:D1000)>0,SUM(D4:D1000),"")
A3: Purchase Order Date Or Dates of Service | B3: Provider of Service | C3: Check or Journal Entry # | D3: Amount Expended

Sheet 20 - Equipment
A1: EQUIPMENT
A2: Subtotal - Code 20 | D2: =IF(SUM(D4:D1000)>0,SUM(D4:D1000),"")
A3: Purchase Order Date | B3: Vendor | C3: Check or Journal Entry # | D3: Amount Expended

Sheet Final Expenditure Summary
A1: FINAL EXPENDITURE SUMMARY
A2: SUBTOTAL | B2: CODE | C2: PROJECT COSTS | E2: LOCAL AGENCY INFORMATION
A3: Professional Salaries | B3: 15 | C3: =IF(ISERROR('15 - Prof Staff Salaries'!D2),"",'15 - Prof Staff Salaries'!D2) -> 113192 | E3: Agency Code: | F3: 353100861144
A4: Support Staff Salaries | B4: 16 | C4: =IF(ISERROR('16 - Support Staff Salaries'!D2),"",'16 - Support Staff Salaries'!D2)
A5: Purchased Services | B5: 40 | C5: =IF(ISERROR('40 - Purchased Services'!D2),"",'40 - Purchased Services'!D2) | E5: Project #: | F5: 5891-22-5585
A6: Supplies and Materials | B6: 45 | C6: =IF(ISERROR('45 - Supplies and Materials'!D2),"",'45 - Supplies and Materials'!D2)
A7: Travel Expenses | B7: 46 | C7: =IF(ISERROR('46 - Travel Expenses'!E2),"",'46 - Travel Expenses'!E2) | E7: Contract #:
A8: Employee Benefits | B8: 80 | C8: =IF(ISERROR('80 - Employee Benefits'!D2),"",'80 - Employee Benefits'!D2) | E8: Agency Name: | F8: Bridge Prep Charter School
A9: Indirect Cost | B9: 90 | C9: =IF(ISERROR('90 - Indirect Cost'!D4),"",'90 - Indirect Cost'!D4) | E9: Funding Dates: | F9: 43903 | K9: TO | O9: 45199
A10: BOCES Services | B10: 49 | C10: =IF(ISERROR('49 - BOCES Purchased Services'!D2),"",'49 - BOCES Purchased Services'!D2) | E10: Approved Budget Total: | H10: $ | I10: 113192
A11: Minor Remodeling | B11: 30 | C11: =IF(ISERROR('30 - Minor Remodeling'!D2),"",'30 - Minor Remodeling'!D2)
A12: Equipment | B12: 20 | C12: =IF(ISERROR('20 - Equipment'!D2),"",'20 - Equipment'!D2)
A13: Grand Total | C13: =IF(SUM(C3:C12)>0,SUM(C3:C12),"$0") -> 113192 | E13: FOR DEPARTMENT USE ONLY
A15: CHIEF ADMINISTRATOR'S CERTIFICATION By signing this report, I certify to the best of my knowledge and belief that the report is true, complete, and accurate, and the expenditures, disbursements and cash receipts are for the purposes and objectives set forth in the terms and conditions of the Federal (or State) award. I am aware that any false, fictitious, or fraudulent information, or the omission of any material fact, may subject me to criminal, civil, or administrative penalties for fraud, false statements, false claims, or otherwise. (U.S. Code Title 18, Section 1001 and Title 31, Sections 3729-3730 and 3801-3812). | E15: Fiscal Year | G15: Amt Expended | L15: Final Payment | S15: Line #
E16: _______ | G16: ____________ | L16: ____________ | S16: ______
E17: _______ | G17: ____________ | L17: ____________ | S17: ______
E18: _______ | G18: ____________ | L18: ____________ | S18: ______
A19: / / ________________________ | E19: _______ | G19: ____________ | L19: ____________ | S19: ______
A20: Date Signature | E20: _______ | G20: ____________ | L20: ____________ | S20: ______
E21: ____________________ | L21: ____________________
A22: Name and Title of Chief Administrative Officer | E22: Voucher # | L22: Final Payment
A27: Finance: Logged ___________ Approved _____________ MIR ____________
